 Dungeon Crawl Stone Soup version 0.31-a0-986-g5e6e4ef867 (webtiles) character file.

Game seed: 9233932780670533113

2832 jasper the Covert (level 9, -5/88 HPs)
             Began as a Naga Shapeshifter on Nov 4, 2023.
             Was a Priest of Okawaru.
             Engulfed by a steam dragon's steam (8 damage)
             ... on level 6 of the Dungeon.
             The game lasted 00:14:27 (6774 turns).

jasper the Covert (Naga Shapeshifter)               Turns: 6774, Time: 00:14:27

Health: -5/88      AC:  7    Str: 20    XL:     9   Next: 73%
Magic:  11/11      EV:  9    Int: 12    God:    Okawaru [***...]
Gold:   302        SH:  7    Dex: 10    Spells: 8/8 levels left

rFire   . .          .
                       - Unarmed
rCold   . . .        q - +3 buckler
rNeg    + . .        p - +3 leather armour
rPois   +            (helmet currently unavailable)
rElec   .            (cloak currently unavailable)
rCorr   .            (gloves currently unavailable)
SInv    +            (no barding)
Will    +....        (no amulet)
Stlth   +++          x - ring of positive energy
HPRegen 0.34/turn    (no ring)
MPRegen 0.12/turn

%: no passive effects
@: mighty, beast-form, very slow
A: beast (slay +3), AC +3, large, see invisible, deformed body, poison
resistance, slowness 2, spit poison 1, naga tail 1
a: Spit Poison, Begin Untransformation, Renounce Religion, Heroism


You were on level 6 of the Dungeon.
You worshipped Okawaru.
Okawaru was most pleased with you.
You were a hulking beast.
You visited 1 branch of the dungeon, and saw 7 of its levels.
You also visited: Sewer.

You collected 512 gold pieces.
You spent 210 gold pieces at shops.

Inventory:

Hand Weapons
 E - a +3 arbalest of draining
Missiles
 g - 10 javelins
 i - 28 stones (quivered)
Armour
 a - a +0 animal skin
 h - a +0 ring mail
 l - a +0 chain mail
 n - a +1 pair of gloves
 o - a +0 helmet
 p - a +3 leather armour (worn)
 q - a +3 buckler (worn)
 w - an orb of mayhem
 y - a +1 helmet of intelligence
 B - a +0 troll leather armour {Pargi}
Jewellery
 x - a ring of positive energy (left hand)
Talismans
 c - a beast talisman
 d - a flux talisman
Wands
 A - a wand of mindburst (8)
 D - a wand of digging (5)
Scrolls
 b - 4 scrolls of teleportation
 j - 2 scrolls of butterflies
 k - a scroll of revelation
 m - a scroll of vulnerability
 t - a scroll of enchant weapon
 u - 2 scrolls of immolation
Potions
 e - 2 potions of brilliance
 f - a potion of might
 r - a potion of resistance
 s - a potion of cancellation
 v - a potion of magic
 C - a potion of mutation {unknown}


   Skills:
 + Level 8.0 Fighting
 - Level 1.5 Dodging
 - Level 8.0 Stealth
 - Level 2.5 Shields
 - Level 3.0 Unarmed Combat
 - Level 3.0 Invocations
 - Level 5.0 Evocations
 * Level 6.1 Shapeshifting


You had 8 spell levels left.
You didn't know any spells.
Your spell library contained the following spells:

 Spells                   Type           Power      Damage    Failure   Level
 Shock                    Conj/Air       0%         1d3       43%         1
 Scorch                   Fire           0%         2d5       58%         2
 Static Discharge         Conj/Air       0%         3-3/arc   58%         2
 Swiftness                Air            0%         N/A       82%         3
 Airstrike                Air            0%         2d(0-16)  99%         4
 Dimensional Bullseye     Hex/Tloc       0%         N/A       99%         4
 Flame Wave               Conj/Fire      0%         2d4       99%         4
 Iskenderun's Mystic Bla  Conj/Tloc      0%         2d3       99%         4
 Passage of Golubria      Tloc           0%         N/A       99%         4
 Yara's Violent Unravell  Hex/Tmut       0%         3d3       100%        5
 Tukima's Dance           Hex            Unusable   N/A       N/A         3
 Summon Lightning Spire   Summ/Air       Unusable   N/A       N/A         4
 Summon Cactus Giant      Summ           Unusable   N/A       N/A         6

Dungeon Overview and Level Annotations

Branches:
Dungeon (7/15)             Temple (0/1) D:6           Sewer (visited)

Altars:
Dithmenos
Kikubaaqudgha
Okawaru
Sif Muna
Zin
The Shining One

Shops:
D:6 (

Annotations:
D:3 exclusion: ogre


Innate Abilities, Weirdness & Mutations

You are a hulking beast.
Your limbs bulge with bestial killing power. (Slay +3)
Your serpentine skin is tough. (AC +3)
You have supernaturally acute eyesight. (SInv)
Armour fits poorly on your strangely shaped body.
Your system is resistant to poisons. (rPois)
You cover ground very slowly.
You can spit poison.
You have a snake-like lower body.


Message History

The centaur is severely wounded.
The centaur hits you.
* * * LOW HITPOINT WARNING * * *
The centaur kicks you.
* * * LOW HITPOINT WARNING * * *
The centaur closely misses you. You block the centaur's attack.
You take 7 damage, and have 24/88 hp.
You completely miss the centaur.
The centaur is severely wounded.
The centaur hits you but does no damage.
The centaur kicks you.
* * * LOW HITPOINT WARNING * * *
You take 1 damage, and have 23/88 hp.
You punch the centaur!
The centaur is almost dead.
The centaur hits you but does no damage.
You block the centaur's attack.
An orc comes into view. It is wielding a +0 hand axe.
Okay, then.
The orc shouts!
You hit the centaur.
You kill the centaur!
Okawaru accepts your kill. The steam dragon breathes steam at you.
The ball of steam hits you!
* * * LOW HITPOINT WARNING * * *
You take 16 damage, and have 7/88 hp.
Okay, then.
Blink to where?
Press: ? - help, Dir - move target
As you read the scroll of blinking, it crumbles to dust.
You are engulfed in a cloud of scalding steam.
* * * LOW HITPOINT WARNING * * *
You feel like a meek peon again.
You are no longer corroded.
You take 4 damage, and have 3/88 hp.
Okay, then.
It was a potion of might.
You feel very mighty all of a sudden.
You are engulfed in a cloud of scalding steam.
You die...

#~ #. #. #. #. '# #.
o.. #. #####.
....S########.$.#
#..##.
#.D§§)§h§§'..#
#..##.
#..####§####..
##..#.. ... ##§...##
##...#.. .
##......## #....#..
#..#..#..####....###
..
#...##...#.##....##.
..
#÷..##...#..+.......
....#####'##
#..#..#..#..#.......
.....#......
##......##.##....##.


There were no monsters in sight!

Vanquished Creatures
  Pikel (D:6)
  Duvessa (D:5)
  Pargi (Sewer)
  3 black bears
  2 ice beasts (D:6)
  2 sky beasts (D:6)
  2 ogres
  2 centaurs
  A phantom (D:5)
  A lemure (D:6)
  A kobold brigand (D:6)
  3 scorpions
  Dowan (D:5)
  2 howler monkeys
  3 hounds
  4 orc priests
  A jelly (D:6)
  4 iguanas
  5 orc wizards
  A sleepcap (D:6)
  8 gnolls
  8 adders
  A river rat (D:6)
  A white imp (D:6)
  2 ufetubi (D:6)
  2 worms
  3 dart slugs
  15 orcs
  9 endoplasms
  2 giant cockroaches
  6 goblins
  9 hobgoblins
  7 jackals
  4 quokkas
  9 ball pythons
  10 bats
  A frilled lizard (D:2)
  5 kobolds
  2 rats
145 creatures vanquished.

Notes
Turn   | Place    | Note
-------+----------+-------------------------------------------
     0 | D:1      | jasper the Naga Shapeshifter began the quest for the Orb.
     0 | D:1      | Reached XP level 1. HP: 18/18 MP: 1/1
    39 | D:1      | Reached skill level 1 in Stealth
   184 | D:1      | Reached XP level 2. HP: 25/25 MP: 2/2
   619 | D:2      | Reached XP level 3. HP: 26/32 MP: 3/3
   878 | D:2      | Found a shimmering blue altar of Sif Muna.
   954 | D:2      | Reached XP level 4. HP: 38/40 MP: 4/4
  1609 | D:3      | Found an ancient bone altar of Kikubaaqudgha.
  1935 | D:3      | Reached skill level 5 in Stealth
  1935 | D:3      | Reached XP level 5. HP: 12/49 MP: 5/5
  2187 | D:3      | Noticed an ogre
  2212 | D:3      | Killed an ogre
  2213 | D:3      | Reached XP level 6. HP: 33/57 MP: 6/6
  2311 | D:3      | Identified the +1 ring mail "Fiaweng" {Rampage *Corrode
                  | rPois rF++}
  2585 | D:3      | Identified the +2 mace "Arbiter" {flame, rPois Dex+6}
  3277 | D:4      | Found an iron altar of Okawaru.
  3340 | D:4      | Became a worshipper of Warmaster Okawaru
  3489 | D:4      | Found a glowing silver altar of Zin.
  3500 | D:4      | Found a shadowy altar of Dithmenos.
  3505 | D:4      | Identified the +10 war axe of the Apocalypse {freeze, rC+}
  3851 | D:5      | Entered Level 5 of the Dungeon
  3937 | D:5      | Reached skill level 1 in Invocations
  3937 | D:5      | Reached XP level 7. HP: 61/66 MP: 7/7
  4377 | D:5      | Reached * piety under Okawaru
  4378 | D:5      | Reached skill level 5 in Fighting
  4378 | D:5      | Reached skill level 1 in Shields
  4448 | D:5      | Noticed Duvessa
  4454 | D:5      | Noticed Dowan
  4473 | D:5      | Killed Duvessa
  4483 | D:5      | Killed Dowan
  4484 | D:5      | Reached XP level 8. HP: 30/75 MP: 10/10
  5097 | D:5      | You fall into a shaft and drop 2 floors!
  5185 | D:6      | Found a glowing drain.
  5201 | Sewer    | Entered a sewer
  5264 | Sewer    | Noticed Pargi
  5279 | Sewer    | Killed Pargi
  5280 | Sewer    | Reached skill level 1 in Evocations
  5347 | D:6      | Noticed Pikel
  5354 | D:6      | Killed Pikel
  5354 | D:6      | Reached ** piety under Okawaru
  5355 | D:6      | Reached XP level 9. HP: 85/85 MP: 11/11
  5408 | D:6      | Found a staircase to the Ecumenical Temple.
  5674 | D:5      | Found a glowing golden altar of the Shining One.
  6139 | D:6      | Reached skill level 5 in Evocations
  6378 | D:6      | Reached *** piety under Okawaru
  6482 | D:6      | Found Muocrol's Antique Weapon Emporium.
  6495 | D:6      | Bought a runed arbalest for 210 gold pieces
  6631 | D:6      | Reached skill level 5 in Shapeshifting
  6773 | D:6      | HP: 2/88 [something] (5)]
  6774 | D:6      | Engulfed by a steam dragon's steam

Illustrated notes

Levels and vault maps discovered:
D:1:      minmay_arrival_doors, layout_basic, serial_forest,
          infiniplex_forest_lined_room_2, infiniplex_forest_clump_curved,
          infiniplex_forest_end_double, infiniplex_forest_zigzag_1,
          infiniplex_forest_zigzag_1, nrook_mini_backslash
D:2:      layout_basic, basic_altar
D:3:      layout_basic, mainiacjoe_overflow_paths, serial_bayou,
          serial_bayou_shore_a, serial_bayou_pond_d, serial_bayou_pond_c,
          serial_bayou_lagoon_a
D:4:      layout_loops_ring, mainiacjoe_overflow_six_doors_small,
          grunt_dithmenos_smoke_and_mirrors, okawaru_gym_becter
D:5:      layout_cave_pools, kennysheep_mini, serial_co_window_serial,
          co_window_paths_a, co_window_paths_a, co_window_cross_1,
          co_window_of_opportunity_a, co_window_paths_a, co_window_cross_2,
          co_window_broadway_c, co_window_of_opportunity_b, co_window_corner_b,
          co_window_corner_cb, co_window_2corner, co_window_of_opportunity_c,
          co_window_4corner_a, uniq_duvessa
D:6:      minmay_polygon_palace, layout_gridville, minmay_temple_entry_mist,
          serial_shops, shop, cheibrodos_sewer_entry_sluice,
          chequers_serial_rivers_small_3, uniq_pikel
D:7:      layout_cave_pools, grunt_ministairs_5, st_stairs_3, chequers_jeans,
          uniq_crazy_yiuf_cottage, uniq_joseph, uniq_menkaure

Skill      XL: |  1  2  3  4  5  6  7  8  9 |
---------------+----------------------------+-----
Stealth        | 1 2 3 5 7 8 |  8.0
Fighting       | 2 3 4 5 6 8 |  8.0
Invocations    | 1 3 |  3.0
Shields        | 2 |  2.5
Shapeshifting  | 4 6 |  6.1
Evocations     | 4 5 |  5.0
Dodging        | |  1.5
Unarmed Combat | |  3.0

Action                     |  1- 3 |  4- 6 |  7- 9 || total
---------------------------+-------+-------+-------++-------
  Melee: Unarmed           |    64 |   172 |   340 ||   576
         Punch             |       |     4 |       ||     4
  Throw: Stone             |     1 |    13 |     7 ||    21
 Invoke: Heroism           |       |       |     1 ||     1
Ability: Spit Poison       |    26 |    16 |    31 ||    73
  Evoke: Wand              |       |       |     6 ||     6
    Use: Scroll            |     3 |     8 |     3 ||    14
         Potion            |       |     2 |     2 ||     4
   Stab: Sleeping          |       |     7 |     1 ||     8
 Armour: Animal skin       |     3 |       |       ||     3
         Ring mail         |    37 |    17 |       ||    54
         Leather armour    |       |    94 |   295 ||   389
         Skin              |       |     4 |     7 ||    11
  Dodge: Dodged            |    35 |    67 |   150 ||   252
  Block: Buckler           |       |    29 |   136 ||   165

Table legend: (Time is in decaauts)
 A = Elapsed time spent in this place.
 B = Non-inter-level travel time spent in this place.
 C = Inter-level travel time spent in this place.
 D = Time resting spent in this place.
 E = Time spent auto-exploring this place.
 F = Levels seen in this place.
 G = Mean time per level.
                   A        B        C        D        E       F      G
               +--------+--------+--------+--------+--------+-----+--------+
         Total |   8356 |   8044 |    312 |    378 |   6031 |   8 | 1044.5 |
       Dungeon |   8190 |   7878 |    312 |    378 |   5921 |   7 | 1170.0 |
         Sewer |    165 |    165 |      0 |      0 |    110 |   1 |  165.0 |
               +--------+--------+--------+--------+--------+-----+--------+

Top non-repeatable levels by time:
     D:5: 2289 daAuts
     D:3: 1727 daAuts
     D:2: 1236 daAuts
     D:4: 1151 daAuts
     D:6: 971 daAuts
     D:1: 789 daAuts
   Sewer: 165 daAuts
     D:7: 25 daAuts
